 Dungeon Crawl Stone Soup version 0.22-a0-348-gd16d139 (webtiles) character file.

12779 inmateoo the Geomancer (level 12, 0/95 HPs)
             Began as a Human Earth Elementalist on Apr 10, 2018.
             Was a High Priest of Cheibriados.
             Engulfed by a cloud of freezing vapour (32 damage)
             ... in an ice cave.
             The game lasted 00:25:06 (9619 turns).

inmateoo the Geomancer (Human Earth Elementalist)   Turns: 9619, Time: 00:25:06

Health: 0/95       AC:  9    Str: 25    XL:     12   Next: 24%
Magic:  16/20      EV: 17    Int: 35    God:    Cheibriados [*****.]
Gold:   518        SH: 10    Dex: 27    Spells: 10/21 levels left

rFire    . . .     SeeInvis .   y - +8 spear of Resumed Hostilities {protect, MR+ Int-2 Stlth+}
rCold    . . .     Gourm    .   f - +3 buckler
rNeg     . . .     Faith    .   D - +0 troll leather armour
rPois    .         Spirit   .   (no helmet)
rElec    .         Reflect  .   n - +0 cloak
rCorr    .         Harm     .   t - +0 pair of gloves
MR       +....                  j - +1 pair of boots {Stlth+}
Stlth    +++++.....             g - amulet of magic regeneration
HPRegen  0.65/turn              C - ring of wizardry
MPRegen  0.42/turn              u - ring "Ighycs" {Str+3 Int+4 Slay+1}

@: very slow
A: no striking features
a: Bend Time, Temporal Distortion, Slouch, Step From Time, Renounce Religion


You were in an ice cave.
You worshipped Cheibriados.
Cheibriados was extremely pleased with you.
You were not hungry.

You visited 1 branch of the dungeon, and saw 11 of its levels.
You also visited: Ossuary and Ice Cave.

You collected 748 gold pieces.
You spent 230 gold pieces at shops.

Inventory:

Hand Weapons
 x - a +0 demon trident of freezing
 y - the +8 spear of Resumed Hostilities (weapon) {protect, MR+ Int-2 Stlth+}
   (You found it on level 4 of the Dungeon)

   It protects the one who uses it against injury (+AC on strike).
   It affects your intelligence (-2).
   It affects your resistance to hostile enchantments.
   It makes you more stealthy.
Missiles
 b - 92 stones (quivered)
Armour
 f - a +3 buckler (worn)
 j - a +1 pair of boots of stealth (worn)
 n - a +0 cloak (worn)
 t - a +0 pair of gloves (worn)
 D - a +0 troll leather armour (worn)
Magical Staves
 i - an uncursed staff of conjuration
Jewellery
 g - an amulet of magic regeneration (around neck)
 u - the ring "Ighycs" (right hand) {Str+3 Int+4 Slay+1}
   (You took it off an orc priest on level 10 of the Dungeon)

   [ring of slaying]

   It affects your strength (+3).
   It affects your intelligence (+4).
   It affects your accuracy and damage with ranged weapons and melee attacks
   (+1).
 C - a ring of wizardry (left hand)
 E - an uncursed ring of positive energy
Wands
 a - a wand of polymorph (20)
 v - a wand of acid (23)
 w - a wand of flame (17)
Scrolls
 c - a scroll of amnesia
 m - 10 scrolls of teleportation
 p - 2 scrolls of enchant armour
 q - 5 scrolls of remove curse
 z - 2 scrolls of fog
Potions
 e - 6 potions of curing
 h - a potion of ambrosia
 k - 3 potions of heal wounds
 o - a potion of mutation
 r - a potion of magic
 s - 2 potions of brilliance
 A - a potion of agility
Comestibles
 d - 11 rations


   Skills:
 + Level 9.0 Fighting
 + Level 6.1 Polearms
 + Level 3.9 Armour
 + Level 5.7 Dodging
 - Level 5.0 Stealth
 - Level 4.0 Shields
 + Level 5.4 Spellcasting
 - Level 4.1 Conjurations
 - Level 1.0 Transmutations
 - Level 10.0 Earth Magic
 - Level 4.0 Invocations


You had 10 spell levels left.
You knew the following spells:

 Your Spells              Type           Power        Failure   Level  Hunger
a - Sandblast             Erth           ######       1%          1    None
b - Passwall              Tmut/Erth      #####.....   1%          2    None
c - Stone Arrow           Conj/Erth      ######       1%          3    None
d - Lee's Rapid Deconstr  Erth           ######....   1%          5    #####..


Dungeon Overview and Level Annotations

Branches:
Dungeon (11/15)            Temple (0/1) D:5            Lair (0/6) D:8
    Orc (0/2) D:11

Altars:
Cheibriados
Gozag
Nemelex Xobeh
Qazlal
Ru
Sif Muna
Zin
Beogh

Shops:
D:10 [

Annotations:
D:8 nikopol's ghost, novice DEFE


Message History

Confirm with . or Enter, or press ? or * to list all spells.
Aiming: Sandblast (safe; 1% risk of failure)
Press: ? - help, Shift-Dir - straight line, f/p - ice devil
Aim: an ice devil (severely wounded)
The blast of sand hits the ice devil.
The ice devil is almost dead.
b - 93 stones The ice devil barely misses you.
Casting: Sandblast (safe; 1% risk of failure)
Confirm with . or Enter, or press ? or * to list all spells.
Aiming: Sandblast (safe; 1% risk of failure)
Press: ? - help, Shift-Dir - straight line, f/p - ice devil
Aim: an ice devil (almost dead)
The blast of sand hits the ice devil.
You kill the ice devil!
Cheibriados thoroughly appreciates the change of pace.
b - 92 stones You are engulfed in freezing vapours.
You are engulfed in freezing vapours.
You die...

##.......#§§§....
#
##.......##.§§...
##
#.....§§##≈§§§..##
##.
##...........#§§.
#..
##...§.###.§#..###
#..
###.§#§.§§§#.§..##
##.
####§§§§§#..≈...
##. ###§§§§..##
##.. ###§@§.)#
#... ###.### #...
... ##.. =/## ##.
### ##


There were no monsters in sight!

Vanquished Creatures
  A fire dragon (D:9)
  2 two-headed ogres
  An orc high priest (D:10)
  Urug (D:11)
  Pikel (D:4)
  An orc sorcerer (D:10)
  A cyclops (D:11)
  2 ice statues (IceCv)
  8 ice devils (IceCv)
  3 trolls
  A hornet (D:9)
  Prince Ribbit (D:5)
  The ghost of CasualChangeling the Conjurer, an amateur TeCj (D:4)
  Eustachio (D:4)
  2 hungry ghosts
  A warg (D:8)
  2 black bears
  2 sky beasts
  2 slaves (D:4)
  3 orc warriors (D:10)
  2 ice beasts (D:9)
  6 ogres
  A necrophage (D:7)
  2 centaurs
  2 elf zombies (Ossuary)
  5 bullfrogs
  A wyvern zombie (D:7)
  3 scorpions
  A howler monkey (D:7)
  4 killer bees (D:7)
  7 wights (D:8)
  2 bullfrog zombies
  2 crimson imps
  A centaur zombie (D:10)
  2 quasits
  7 orc priests
  A gnoll shaman (D:4)
  5 hounds
  3 jellies
  6 orc wizards
  A human zombie (Ossuary)
  A bullfrog skeleton (D:4)
  2 iguanas
  A killer bee zombie (D:8)
  7 worker ants
  A hound zombie (Ossuary)
  3 hound skeletons
  4 mummies (Ossuary)
  12 adders
  5 gnolls (D:4)
  2 shadow imps
  9 white imps (IceCv)
  5 ufetubi (IceCv)
  2 oozes
  An adder zombie (Ossuary)
  An adder skeleton (D:6)
  7 worms
  5 dart slugs
  3 leopard geckos
  18 orcs
  A ball python (D:2)
  7 bats
  2 giant cockroaches (D:1)
  5 goblins
  6 hobgoblins
  4 jackals
  2 quokkas
  8 frilled lizards
  A goblin zombie (Ossuary)
  A hobgoblin zombie (D:6)
  3 jackal zombies
  14 kobolds
  2 kobold zombies (Ossuary)
  An orc zombie (Ossuary)
  10 rats
257 creatures vanquished.

Vanquished Creatures (others)
  A reaper (IceCv)
  2 white imps (IceCv)
  3 ufetubi (IceCv)
  An orc zombie (Ossuary)
7 creatures vanquished.

Grand Total: 264 creatures vanquished

Notes
Turn   | Place    | Note
-------+----------+-------------------------------------------
     0 | D:1      | inmateoo the Human Earth Elementalist began the quest for the Orb.
     0 | D:1      | Reached XP level 1. HP: 13/13 MP: 3/3
   103 | D:1      | Reached XP level 2. HP: 15/20 MP: 0/5
   332 | D:1      | Reached skill level 1 in Fighting
   834 | D:1      | Reached XP level 3. HP: 26/26 MP: 3/6
  1524 | D:2      | Reached XP level 4. HP: 33/33 MP: 3/7
  1546 | D:2      | Learned a level 2 spell: Passwall
  1550 | D:2      | Learned a level 3 spell: Stone Arrow
  1823 | D:2      | Found a snail-covered altar of Cheibriados.
  1824 | D:2      | Found a stormy altar of Qazlal.
  2064 | D:2      | Became a worshipper of Cheibriados the Contemplative
  2182 | D:2      | Reached XP level 5. HP: 33/38 MP: 8/8
  2918 | D:3      | Reached * piety under Cheibriados
  3169 | D:3      | Reached skill level 4 in Earth Magic
  3497 | D:4      | Noticed CasualChangeling's ghost (amateur TeCj)
  3501 | D:5      | Entered Level 5 of the Dungeon
  3501 | D:5      | Noticed a sky beast
  3570 | D:4      | Killed a sky beast
  3570 | D:4      | Reached XP level 6. HP: 41/47 MP: 4/10
  3660 | D:5      | Reached XP level 7. HP: 46/52 MP: 7/11
  3688 | D:5      | Reached ** piety under Cheibriados
  3688 | D:5      | Reached skill level 5 in Earth Magic
  4057 | D:5      | Reached XP level 8. HP: 61/61 MP: 3/13
  4091 | D:5      | Noticed Prince Ribbit
  4135 | D:5      | Killed Prince Ribbit
  4135 | D:5      | Reached skill level 5 in Fighting
  4182 | D:5      | Found a staircase to the Ecumenical Temple.
  4276 | D:6      | Found a sacrificial altar of Ru.
  4288 | D:6      | Reached skill level 6 in Earth Magic
  4336 | D:6      | Learned a level 5 spell: Lee's Rapid Deconstruction
  4442 | D:6      | Found a sand-covered staircase.
  4458 | Ossuary  | Entered an ossuary
  4470 | Ossuary  | Reached skill level 1 in Shields
  4482 | Ossuary  | HP: 3/63 [elf zombie (5)]
  4537 | Ossuary  | Reached skill level 1 in Conjurations
  4722 | Ossuary  | Reached XP level 9. HP: 59/69 MP: 9/15
  5124 | D:4      | Reached *** piety under Cheibriados
  5148 | D:4      | Reached skill level 1 in Invocations
  5255 | D:4      | Noticed Eustachio
  5259 | D:4      | Killed Eustachio
  5268 | D:4      | Got an iridescent spear
  5269 | D:4      | Identified the +8 spear of Resumed Hostilities {protect, MR+ Int-2 Stlth+} (You found it on level 4 of the Dungeon)
  5355 | D:4      | Noticed Pikel
  5366 | D:4      | Killed Pikel
  5366 | D:4      | Reached skill level 1 in Polearms
  5690 | D:4      | Killed CasualChangeling's ghost
  6046 | D:7      | Reached XP level 10. HP: 63/79 MP: 16/16
  6298 | D:7      | Found a sparkling altar of Nemelex Xobeh.
  6298 | D:7      | Found an opulent altar of Gozag.
  6390 | D:7      | Reached **** piety under Cheibriados
  6536 | D:7      | Noticed an angel
  6537 | D:7      | Found a glowing silver altar of Zin.
  6573 | D:8      | Reached skill level 7 in Earth Magic
  6645 | D:8      | Reached skill level 5 in Stealth
  6937 | D:8      | Found a staircase to the Lair.
  6975 | D:8      | Noticed nikopol's ghost (novice DEFE)
  7744 | D:9      | Noticed a fire dragon
  7793 | D:9      | Killed a fire dragon
  7793 | D:9      | Reached skill level 8 in Earth Magic
  7921 | D:10     | Entered Level 10 of the Dungeon
  7955 | D:10     | Reached XP level 11. HP: 86/86 MP: 17/17
  8083 | D:10     | Reached ***** piety under Cheibriados
  8162 | D:10     | Found a deep blue altar of Sif Muna.
  8185 | D:10     | Noticed a two-headed ogre
  8187 | D:10     | Killed a two-headed ogre
  8187 | D:10     | Reached skill level 9 in Earth Magic
  8379 | D:10     | Found a transporter.
  8399 | D:10     | Found Atuprot's Armour Shop.
  8407 | D:10     | Bought a +1 pair of boots of stealth for 181 gold pieces
  8412 | D:10     | Bought a +0 pair of gloves for 49 gold pieces
  8569 | D:10     | Reached skill level 10 in Earth Magic
  8686 | D:10     | Noticed an orc high priest
  8706 | D:10     | Noticed an orc sorcerer
  8756 | D:10     | Found a roughly hewn altar of Beogh.
  8762 | D:10     | Killed an orc high priest
  8762 | D:10     | Reached skill level 1 in Armour
  8778 | D:10     | Killed an orc sorcerer
  8778 | D:10     | Reached skill level 5 in Polearms
  8786 | D:10     | Got a scintillating wooden ring
  8806 | D:10     | Identified the Almanac of Blistering Shape Shifting
  8813 | D:10     | Found a transporter.
  8843 | D:10     | Identified the ring "Ighycs" {Str+3 Int+4 Slay+1} (You took it off an orc priest on level 10 of the Dungeon)
  8876 | D:11     | Noticed a two-headed ogre
  8884 | D:11     | Killed a two-headed ogre
  8894 | D:11     | Noticed a cyclops
  8903 | D:11     | Killed a cyclops
  8904 | D:11     | Noticed Urug
  8916 | D:11     | Killed Urug
  8916 | D:11     | Reached skill level 5 in Dodging
  9001 | D:11     | Found a frozen archway.
  9020 | IceCv    | Entered an ice cave
  9097 | IceCv    | Reached skill level 5 in Spellcasting
  9130 | IceCv    | Reached XP level 12. HP: 94/94 MP: 3/19
  9188 | IceCv    | Killed a reaper
  9619 | IceCv    | Engulfed by a cloud of freezing vapour

Vault maps used:
D:1:      erik_arrival_cave_to_civilisation
D:2:      gammafunk_temple_overflow_statue
D:3:      minivault_4
D:4:      first_ration, uniq_eustachio, uniq_pikel
D:5:      minmay_temple_entry_crystal_x, uniq_prince_ribbit1
D:6:      nicolae_ru_sacrificial_ziggurat, enter_ossuary_3
D:7:      grunt_temple_overflow_opulence, zin_angel, grunt_tough_drop
D:8:      erik_lair_orcish_takeover, uniq_maurice
D:9:      dragon1_lemuel
D:10:     gammafunk_beogh_shrine, serial_shops, shop, basic_altar
D:11:     kennysheep_orc_monster_closet_entryway,
          portal_ice_cave_entry_pillars_1, uniq_grum, uniq_josephine, uniq_urug
Ossuary:  ossuary_minmay_tomb_2a
IceCv:    ice_cave_small_demon

Skill      XL: |  1  2  3  4  5  6  7  8  9 10 11 12 |
---------------+-------------------------------------+-----
Fighting       | 1 2 3 4 5 7 8 9 |  9.0
Earth Magic    | 4 5 6 8 10 | 10.0
Stealth        | 3 4 5 |  5.0
Dodging        | 3 4 5 |  5.7
Spellcasting   | 3 4 5 |  5.4
Shields        | 1 3 4 |  4.0
Conjurations   | 1 3 4 |  4.1
Invocations    | 3 4 |  4.0
Polearms       | 2 4 5 6 |  6.1
Armour         | 3 |  3.9
Transmutations | |  1.0

Action                   |  1- 3 |  4- 6 |  7- 9 | 10-12 || total
-------------------------+-------+-------+-------+-------++-------
Melee: Short sword       |    65 |   148 |    78 |       ||   291
       Spear             |       |       |    81 |   320 ||   401
 Cast: Sandblast         |    28 |    64 |    59 |    35 ||   186
       Stone Arrow       |       |       |    43 |    27 ||    70
       Lee's Rapid Decon |       |       |     2 |    27 ||    29
Invok: Slouch            |       |       |       |     2 ||     2
Evoke: Phantom mirror    |       |       |       |     1 ||     1
       Wand              |       |       |       |     4 ||     4
  Use: Scroll            |     1 |     7 |     8 |     4 ||    20
       Potion            |       |       |     1 |    13 ||    14
 Stab: Sleeping          |     3 |     1 |     8 |    12 ||    24
       Distracted        |       |       |       |     3 ||     3
  Eat: Chunk             |     2 |     7 |     2 |     2 ||    13
       Ration            |       |       |     2 |     4 ||     6
Armor: Robe              |    12 |    30 |    38 |    26 ||   106
       Leather armour    |       |     4 |       |       ||     4
       Troll leather arm |       |       |       |    36 ||    36
       Skin              |       |       |       |    19 ||    19
Dodge: Dodged            |    52 |    92 |   116 |   159 ||   419
Block: Buckler           |    21 |    60 |    79 |   132 ||   292

Table legend:
 A = Spawn XP
 B = Non-spawn XP
 C = Spawn XP percentage of total XP
 D = Spawn monster count
 E = Non-spawn monster count
 F = Spawn count percentage of total count
 G = Total turns spent on level
                    A         B        C        D         E        F      G
               +---------+---------+-------+---------+---------+-------+---------
         Total |       0 |   18256 |   0.0 |       0 |     254 |   0.0 |  9619
               +---------+---------+-------+---------+---------+-------+---------
           D:1 |       0 |      51 |   0.0 |       0 |      27 |   0.0 |  1433
           D:2 |       0 |      96 |   0.0 |       0 |      26 |   0.0 |  1215
           D:3 |       0 |      85 |   0.0 |       0 |      26 |   0.0 |   778
           D:4 |       0 |    1561 |   0.0 |       0 |      15 |   0.0 |   890
           D:5 |       0 |    1026 |   0.0 |       0 |      19 |   0.0 |   650
           D:6 |       0 |     289 |   0.0 |       0 |       7 |   0.0 |   440
           D:7 |       0 |     843 |   0.0 |       0 |      16 |   0.0 |   775
           D:8 |       0 |     854 |   0.0 |       0 |      19 |   0.0 |   450
           D:9 |       0 |    2498 |   0.0 |       0 |      20 |   0.0 |   914
          D:10 |       0 |    4503 |   0.0 |       0 |      34 |   0.0 |   972
          D:11 |       0 |    2380 |   0.0 |       0 |       7 |   0.0 |   127
       Ossuary |       0 |     333 |   0.0 |       0 |      14 |   0.0 |   376
         IceCv |       0 |    3737 |   0.0 |       0 |      24 |   0.0 |   599
               +---------+---------+-------+---------+---------+-------+---------
